Map: Ascension to Aiur LE

Players

SamuraiFunn - Winner!

  • Race: Protoss Protoss
  • League: Platinum
  • Spawn Location: 5:00

A.I. 1 (Elite)

  • Race: Terran Terran
  • Spawn Location: 11:00

VOD

Have the link to the VOD?

Description

Time

  • Played on: Nov. 26, 2017, 9:52 p.m.
  • Length: 12:01
Show
View Real Time Build Order
Export as new Build Order

SamuraiFunn Protoss - Winner!

Build Orders:  

Get SALT Encoding   

  12  0:01  Probe  
  13  0:13  Probe  
  14  0:24  Pylon  
  14  0:25  Probe  
  15  0:43  Probe  
  16  0:52  Gateway  
  16  0:55  Probe  
  17  1:08  Probe  
  17  1:09  Assimilator  
  18  1:13  Pylon  
  18  1:24  Probe (Chrono Boost)  
  19  1:31  Gateway  
  20  1:35  Assimilator  
  20  1:36  Probe (Chrono Boost)  
  20  1:40  Probe  
  21  1:52  Probe, Zealot (Chrono Boost)  
  24  1:57  Cybernetics Core  
  24  2:04  Probe  
  25  2:18  Nexus  
  25  2:20  Probe  
  26  2:34  Warp Gate (Chrono Boost)  
  26  2:35  Pylon  
  26  2:36  Probe  
  27  2:48  Probe  
  28  3:06  Probe  
  29  3:14  Assimilator  
  29  3:19  Probe  
  30  3:28  Stargate  
  30  3:31  Stargate  
  30  3:34  Probe x2  
  30  3:36  Pylon  
  32  3:46  Probe x2  
  34  3:52  Assimilator  
  34  4:02  Probe  
  35  4:03  Probe  
  36  4:14  Void Ray  
  36  4:15  Void Ray  
  44  4:17  Probe x2  
  44  4:24  Protoss Air Weapons Level 1  
  46  4:30  Probe  
  46  4:31  Probe  
  48  4:37  Zealot  
  48  4:38  Pylon, Forge, Zealot  
  52  4:46  Twilight Council  
  52  4:49  Probe x2  
  54  5:01  Probe x2, Void Ray  
  60  5:13  Probe  
  60  5:14  Probe, Zealot x2  
  62  5:20  Protoss Ground Weapons Level 1  
  66  5:22  Charge (Chrono Boost)  
  66  5:28  Pylon  
  66  5:30  Probe x2  
  68  5:43  Probe x2  
  68  5:46  Void Ray  
  74  5:59  Probe  
  74  6:00  Probe  
  76  6:04  Nexus  
  76  6:12  Probe x2  
  78  6:24  Pylon  
  78  6:26  Pylon  
  78  6:29  Pylon  
  78  6:30  Protoss Air Armor Level 1  
  78  6:41  Void Ray  
  78  6:42  Probe x2  
  78  6:44  Void Ray  
  78  6:45  Zealot x2  
  92  6:54  Probe x2  
  94  6:56  Pylon  
  94  7:06  Zealot x2  
  98  7:11  Probe x2  
  98  7:15  Protoss Shields Level 1  
  100  7:18  Assimilator  
  100  7:20  Probe  
  101  7:24  Void Ray, Assimilator  
  101  7:27  Zealot x2  
  101  7:28  Void Ray  
  113  7:30  Probe  
  113  7:31  Probe  
  113  7:33  Probe  
  116  7:43  Probe x2  
  118  7:46  Probe  
  119  7:58  Zealot x2  
  123  8:19  Nexus  
  123  8:20  Pylon  
  123  8:21  Pylon  
  123  8:23  Pylon  
  123  8:26  Assimilator  
  123  8:27  Void Ray  
  123  8:29  Void Ray  
  111  8:38  Zealot x2  
  111  8:42  Probe x3  
  114  9:03  Gateway  
  114  9:04  Gateway  
  114  9:06  Gateway  
  114  9:08  Gateway  
  112  9:33  Void Ray x2  
  112  9:37  Zealot x2  
  116  10:11  Zealot x2  
  108  10:47  Void Ray x2  
  112  11:01  Zealot x4  
  112  11:02  Zealot x2  
  124  11:22  Zealot  
  124  11:23  Zealot x5  
Show
View Real Time Build Order
Export as new Build Order

A.I. 1 (Elite) Terran 

Build Orders: MMM Bio 

Get SALT Encoding   

  12  0:00  SCV  
  13  0:13  SCV  
  14  0:19  Supply Depot  
  14  0:25  SCV  
  15  0:29  Refinery  
  15  0:40  SCV  
  16  0:47  Barracks  
  16  0:52  SCV  
  17  1:04  SCV  
  17  1:10  Supply Depot  
  18  1:16  SCV  
  19  1:29  SCV  
  20  1:37  Marine  
  20  1:39  Factory  
  21  1:46  Barracks  
  22  1:47  SCV  
  22  1:55  Marine  
  22  1:59  SCV  
  24  2:04  Supply Depot  
  24  2:11  SCV  
  24  2:13  Marine  
  26  2:23  SCV  
  26  2:24  Factory Tech Lab  
  27  2:30  Marine  
  27  2:35  SCV  
  29  2:37  Marine  
  30  2:45  Siege Tank  
  30  2:47  SCV  
  34  3:05  Command Center  
  34  3:12  Orbital Command  
  34  3:18  Refinery  
  34  3:27  Marine  
  34  3:29  Marine  
  36  3:37  SCV  
  37  3:44  Marine  
  37  3:47  Marine  
  39  3:49  Supply Depot  
  39  3:59  Barracks  
  39  4:04  Barracks Tech Lab  
  39  4:06  Barracks Tech Lab  
  39  4:11  SCV  
  40  4:17  SCV, Starport  
  40  4:23  SCV  
  42  4:29  SCV  
  42  4:30  Marine  
  44  4:32  Marine  
  44  4:35  SCV  
  44  4:37  Stimpack  
  46  4:40  Combat Shields  
  46  4:41  SCV  
  47  4:47  SCV  
  48  4:53  SCV, Marine  
  48  4:56  Marine  
  48  4:57  Marine  
  48  4:59  SCV  
  53  5:05  SCV  
  54  5:10  Refinery  
  54  5:11  SCV  
  54  5:12  Marauder  
  57  5:14  Supply Depot  
  57  5:15  Marauder  
  57  5:18  SCV  
  60  5:24  Refinery  
  60  5:27  SCV  
  61  5:30  SCV  
  61  5:35  Engineering Bay, Barracks Reactor  
  62  5:36  Marauder x2  
  62  5:38  Supply Depot  
  62  5:40  SCV  
  62  5:42  SCV  
  68  5:45  Command Center  
  68  5:57  Marauder  
  68  5:59  SCV  
  68  6:03  Terran Infantry Weapons Level 1  
  68  6:04  SCV, Supply Depot  
  71  6:10  Marauder  
  74  6:11  SCV  
  74  6:16  SCV  
  76  6:19  Marauder  
  79  6:25  SCV  
  79  6:28  SCV, Supply Depot  
  79  6:31  Concussive Shells, Marauder  
  82  6:36  Viking  
  82  6:37  SCV  
  85  6:40  SCV  
  86  6:50  SCV  
  87  6:54  Supply Depot  
  87  6:57  SCV x2  
  89  7:01  Engineering Bay  
  89  7:02  SCV  
  89  7:06  Marauder, Viking  
  94  7:09  SCV, Marauder  
  94  7:10  SCV  
  94  7:14  SCV  
  99  7:18  Siege Tank  
  99  7:21  SCV  
  99  7:22  Supply Depot  
  103  7:26  SCV x2  
  103  7:27  Terran Infantry Armor Level 1  
  105  7:33  SCV  
  105  7:35  Missile Turret  
  105  7:36  Viking  
  108  7:38  SCV, Missile Turret  
  108  7:39  SCV  
  110  7:45  SCV  
  110  7:48  Supply Depot  
  110  7:50  SCV, Siege Tank  
  114  7:51  SCV  
  114  7:57  SCV  
  116  8:01  Missile Turret  
  116  8:02  SCV  
  116  8:03  SCV  
  116  8:04  Missile Turret  
  118  8:06  Viking  
  118  8:11  Barracks, Orbital Command  
  118  8:12  Supply Depot  
  120  8:17  Marine  
  120  8:19  Marine  
  122  8:22  Siege Tank  
  125  8:29  Armory  
  125  8:30  Marine x2  
  105  8:36  Marine, Marauder  
  105  8:37  Starport Reactor  
  86  8:44  Orbital Command  
  86  8:47  Marine x2  
  88  8:49  Missile Turret  
  88  8:53  Widow Mine  
  88  8:55  Marauder  
  92  8:56  Marine  
  92  8:57  Marine  
  92  9:00  Refinery  
  94  9:05  Marine x2  
  94  9:07  Refinery  
  94  9:08  Missile Turret  
  88  9:12  Medivac  
  88  9:13  Viking  
  88  9:14  Marine  
  88  9:15  Marine  
  88  9:16  Marauder  
  87  9:18  Terran Infantry Weapons Level 2  
  87  9:19  SCV  
  87  9:21  SCV  
  87  9:22  Widow Mine  
  87  9:23  Marine  
  80  9:24  Marine  
  81  9:31  SCV  
  81  9:33  SCV, Marauder  
  80  9:42  Viking x2  
  80  9:43  SCV  
  80  9:45  SCV  
  86  9:46  Marine, Marauder  
  86  9:51  Siege Tank  
  89  9:55  SCV  
  89  9:57  SCV  
  89  9:58  Marine x3  
  80  10:04  Marine  
  71  10:07  SCV  
  71  10:08  Marauder  
  71  10:09  SCV  
  71  10:12  Viking x2  
  75  10:16  Marine  
  75  10:17  Marine, Marauder  
  75  10:19  SCV  
  75  10:23  Siege Tank  
  74  10:29  Marauder  
  76  10:39  Marine  
  76  10:40  SCV  
  76  10:42  Viking x2  
  70  10:51  Marauder  
  70  10:52  Marine x2  
  73  10:58  Marauder  
  69  11:09  Marine  
  68  11:11  SCV, Marine  
  58  11:19  Marine  
  58  11:20  Marine x2, Viking  
  58  11:23  SCV  
  50  11:30  Marauder  
  46  11:35  SCV  
Tags
 
Composition
MMM Bio
League
Platinum
Matchup
PvT
Replay Pack
First 100 games
Spawn Locations
Cross Positions
Add a new tag
Caveats
  • Supply blocks, unpowered buildings, or Contaminate may cause inaccurate times.
  • Supply counts are checked every 10 seconds.